 Dungeon Crawl Stone Soup version 0.29.1-2-gbd0b4ee654 (webtiles) character file.

Game seed: 3860884205863238698

74 GorkyZ the Covered (level 4, 0/27 (37) HPs)
             Began as a Formicid Fighter on Nov 21, 2022.
             Slain by Crazy Yiuf
             ... wielding a +4 quarterstaff of chaos
              (5 damage)
             ... on level 3 of the Dungeon.
             The game lasted 00:06:28 (2735 turns).

GorkyZ the Covered (Formicid Fighter)               Turns: 2735, Time: 00:06:29

HP:   0/27 (37)     AC:  7    Str: 22    XL:     4   Next: 54%
MP:   4/4           EV:  9    Int:  8    God:
Gold: 83            SH:  5    Dex: 13    Spells: 3/3 levels left

rFire   . . .      SeeInvis +   y - +0 spear
rCold   . . .      Faith    .   c - +0 buckler
rNeg    . . .      Spirit   .   b - +0 scale mail
rPois   .          Reflect  .   (helmet unavailable)
rElec   .          Harm     .   (no cloak)
rCorr   .          Rampage  .   (no gloves)
Will    .....                   (no boots)
Stlth   ..........              (no amulet)
HPRegen 0.09/turn               (no ring)
MPRegen 0.09/turn               (no ring)

@: very heavily drained
A: permanent stasis, dig shafts and tunnels, antennae 3, four strong arms
a: Dig, Shaft Self


You were on level 3 of the Dungeon.
You visited 1 branch of the dungeon, and saw 3 of its levels.

You collected 83 gold pieces.

Inventory:

Hand Weapons
 a - a +0 trident
 s - a +0 halberd
 y - a +0 spear (weapon)
Missiles
 u - a throwing net
 v - 5 curare-tipped darts
Armour
 b - a +0 scale mail (worn)
 c - a +0 buckler (worn)
Wands
 r - a wand of charming (7) (quivered)
Scrolls
 d - a scroll of acquirement {unknown}
 e - a scroll of blinking {unknown}
 g - a scroll of brand weapon {unknown}
 h - a scroll of noise {unknown}
 i - 2 scrolls of teleportation {unknown}
 l - 2 scrolls of enchant armour {unknown}
 m - 3 scrolls of identify {unknown}
 n - a scroll of silence {unknown}
 o - 2 scrolls of fear {unknown}
 w - a scroll of amnesia {unknown}
 z - a scroll of vulnerability {unknown}
 A - a scroll of poison {unknown}
 B - a scroll of torment {unknown}
Potions
 f - 2 potions of curing
 j - a potion of haste {unknown}
 k - a potion of mutation {unknown}
 p - 2 potions of flight {unknown}
 q - 2 potions of cancellation {unknown}
 t - 2 potions of degeneration {unknown}
 x - a potion of resistance {unknown}


   Skills:
 + Level 4.1 Fighting
 + Level 2.2 Polearms
 - Level 0.6 Throwing
 + Level 4.2 Armour
 - Level 0.5 Dodging
 - Level 4.1 Shields
 - Level 0.5 Evocations


You had 3 spell levels left.
You didn't know any spells.
Your spell library contained the following spells:

 Spells                   Type           Power      Damage    Failure   Level
 Shock                    Conj/Air       0%         1d3       80%         1
 Conjure Flame            Conj/Fire      0%         6-21      99%         3
 Ignite Poison            Fire/Tmut/Pois 0%         N/A       99%         3
 Airstrike                Air            0%         2d(0-16)  100%        4
 Sticky Flame             Conj/Fire      0%         2d3       100%        4
 Swiftness                Air            Unusable   N/A       N/A         3

Dungeon Overview and Level Annotations

Branches:
Dungeon (3/15)

Altars:

Annotations:
D:3 Crazy Yiuf


Innate Abilities, Weirdness & Mutations

You cannot be hasted, slowed, berserked, paralysed or teleported.
You can dig through walls and to a lower floor.
You have a pair of large antennae on your head. (SInv)
Your four strong arms can wield two-handed weapons with a shield.


Message History

You now have 83 gold pieces (gained 14).
Found a robe and a hammer.
You see here a +1 rapier of venom.
There is a stone staircase leading up here.
Found a hammer.
Found a runed translucent door.
You sense a monster nearby.
Crazy Yiuf says, "East chair unthinkable!"
You see here a +0 robe.
B - a scroll labelled XIURIG DYMMOIMOTI
i - 2 scrolls labelled DAKHOK SIRUZU (gained 1)
There is an escape hatch in the ceiling here.
Found a stone staircase leading down.
There is a stone staircase leading down here.
You open the door.
There is an open door here.
You open the door.
There is an open door here.
Things that are here:
a +2 dagger of draining; 4 stones
Things that are here:
a +2 dagger of draining; 4 stones You see here a +1 rapier of venom.
There is a stone staircase leading up here.
Crazy Yiuf shouts!
You open the door.
You reach to attack!
You hit Crazy Yiuf.
Crazy Yiuf is moderately wounded.
You hit Crazy Yiuf but do no damage.
Crazy Yiuf is moderately wounded.
Crazy Yiuf hits you with a +4 quarterstaff of chaos!
Crazy Yiuf freezes you.
You closely miss Crazy Yiuf.
Crazy Yiuf is moderately wounded.
Crazy Yiuf barely misses you.
You hit Crazy Yiuf.
Crazy Yiuf is heavily wounded.
Crazy Yiuf hits you with a +4 quarterstaff of chaos!
* * * LOW HITPOINT WARNING * * *
Crazy Yiuf freezes you.
You die...

#################
####
#................
...#
#################
##.# # #.# # #.#
### ♣♣#### # #.#
#)..#♣♣ ♣♣.#.)## #
#.#
#...g@♣♣♣♣......#
# ##.##
#...#♣..♣.......#
# #...###### ###
♣♣♣.♣..#.#.# #
#.#......#
♣♣♣♣♣##..## #
#...###### #.<.# #
.........###
##########.#.# #
#########..###
#.##...#....)#####
.............#
#.......[.#.......
#########..#.#
####...##.######..


You could see Crazy Yiuf.

Vanquished Creatures
  2 gnolls (D:3)
  An adder (D:2)
  2 dart slugs
  6 bats
  2 endoplasms
  5 goblins
  5 hobgoblins
  2 jackals (D:3)
  3 kobolds
  4 quokkas
  2 ball pythons (D:1)
  2 frilled lizards
  5 rats
41 creatures vanquished.

Vanquished Creatures (others)
  A gnoll (D:3)
1 creature vanquished.

Grand Total: 42 creatures vanquished

Notes
Turn   | Place    | Note
-------+----------+-------------------------------------------
     0 | D:1      | GorkyZ the Formicid Fighter began the quest for the Orb.
     0 | D:1      | Reached XP level 1. HP: 18/18 MP: 1/1
   163 | D:1      | Reached XP level 2. HP: 18/24 MP: 2/2
   426 | D:1      | Found a faded altar of an unknown god.
   620 | D:1      | Reached XP level 3. HP: 29/29 MP: 3/3
  1049 | D:2      | HP: 1/30 [poisoned by an adder]
  1885 | D:3      | Reached XP level 4. HP: 37/37 MP: 4/4
  2341 | D:3      | Found a runed translucent door.
  2342 | D:3      | Noticed Crazy Yiuf
  2735 | D:3      | Slain by Crazy Yiuf

Illustrated notes

Levels and vault maps discovered:
D:1:      saegor_arrival_fortress, layout_basic, serial_corexii_hall,
          corexii_hall_statues_i, corexii_hall_statues_deadend,
          shapermc_ecumenical_altar_totnotflames, minmay_heptomino_h4
D:2:      layout_loops_ring
D:3:      layout_loops_ring, roderic_serpentine_path, uniq_crazy_yiuf_cottage

Skill      XL: |  1  2  3 |
---------------+----------+-----
Fighting       | 4 |  4.1
Armour         | 4 |  4.2
Polearms       | |  2.2
Throwing       | |  0.6
Dodging        | |  0.5
Shields        | |  4.1
Evocations     | |  0.5

Action                   |  1- 3 |  4- 6 || total
-------------------------+-------+-------++-------
Melee: Trident           |    91 |     3 ||    94
       Spear             |       |    29 ||    29
       Halberd           |       |    11 ||    11
Evoke: Wand              |     1 |       ||     1
  Use: Potion            |     2 |       ||     2
Armor: Scale mail        |    30 |    18 ||    48
Dodge: Dodged            |    32 |     6 ||    38
Block: Buckler           |    17 |     6 ||    23
